 Dungeon Sprint DCSS version 0.27.1-34-g3ba077fa99 (webtiles) character file.

Game seed: 703499563370335662

188200 greenreed the Conqueror (level 16, -3/183 HPs)
             Began as a Minotaur Berserker on Jan 2, 2022.
             Was the Champion of Trog.
             Slain by Mennas (6 damage)
             ... in the Dungeon (Sprint IX: "|||||||||||||||||||||||||||||").
             The game lasted 00:48:00 (5575 turns).

greenreed the Conqueror (Minotaur Berserker)        Turns: 5575, Time: 00:48:03

Health: -3/183     AC: 33    Str: 36      XL:     16   Next: 38%
Magic:  15/15      EV: 20    Int:  1 (4)  God:    Trog [******]
Gold:   508        SH:  0    Dex: 15      Spells: 15/15 levels left

rFire    . . .     SeeInvis .   s - +6 hand axe (distort)
rCold    . . .     Faith    .   E - +2 tower shield
rNeg     + . .     Spirit   .   z - +0 plate armour of Limitation {Fly rPois Will- Str+10}
rPois    +         Reflect  .   (helmet restricted)
rElec    .         Harm     .   u - +1 cloak
rCorr    .         Rampage  ∞   A - +1 pair of gloves of a Gauntlet {rN+ Will+ Regen+ Dex-4}
Will     +....     NoTele   +   y - +3 pair of seven-league boots {Rampage+∞}
Stlth    ..........             (no amulet)
HPRegen  1.40/turn              L - +2 ring of slaying
MPRegen  0.14/turn              K - +6 ring of dexterity

@: confused, flying, glowing
A: horns 2, retaliatory headbutt, deterioration 1
}: 4/17 runes: decaying, serpentine, barnacled, gossamer
a: Renounce Religion, Berserk, Trog's Hand, Brothers in Arms


You were in the Dungeon.
You worshipped Trog.
Trog was exalted by your worship.
You visited 1 branch You collected 1950 gold pieces.
You spent 1442 gold pieces at shops.

Inventory:

Hand Weapons
 a - a +0 hand axe
 k - a +3 vorpal war axe
 s - a +6 hand axe of distortion (weapon)
 v - the +13 battleaxe of the Sun {vorpal, rC+}
   (Trog gifted it to you in the Dungeon)

   It inflicts extra damage upon your enemies.
   rC:        It protects you from cold.
 w - a +5 battleaxe of flaming
 x - a +6 antimagic great sword
 H - the +8 war axe "Coxaz" {vorpal, +Blink Will- Str+4 Stlth+}
   (Trog gifted it to you in the Dungeon)

   It inflicts extra damage upon your enemies.
   Str:       It affects your strength (+4).
   +Blink:    It lets you blink.
   Will:      It decreases your willpower.
   Stlth:     It makes you more stealthy.
Missiles
 N - a throwing net (quivered)
Armour
 b - a +0 animal skin
 l - a +0 helmet
 m - a +0 pair of boots
 o - a +1 chain mail
 q - a +3 plate armour
 u - a +1 cloak (worn)
 y - the +3 pair of seven-league boots (worn) {Rampage+∞}
   (You bought it in a shop in the Dungeon)

   Its wearer moves as far as possible in that direction when moving towards
   enemies.
 z - the +0 plate armour of Limitation (worn) {Fly rPois Will- Str+10}
   (You bought it in a shop in the Dungeon)

   Str:       It affects your strength (+10).
   rPois:     It protects you from poison.
   Fly:       It grants you flight.
   Will:      It decreases your willpower.
 A - the +1 pair of gloves of a Gauntlet (worn) {rN+ Will+ Regen+ Dex-4}
   (You bought it in a shop in the Dungeon)

   Dex:       It affects your dexterity (-4).
   rN:        It protects you from negative energy.
   Regen:     It increases your rate of health regeneration.
   Will:      It increases your willpower.
 E - a +2 tower shield (worn)
 G - a +2 troll leather armour {Snorg}
Jewellery
 n - a +3 ring of dexterity
 p - a +2 ring of evasion
 B - a ring of fire
 C - a ring of see invisible
 D - a ring of poison resistance
 I - a +6 ring of strength
 J - a +6 ring of intelligence
 K - a +6 ring of dexterity (right hand)
 L - a +2 ring of slaying (left hand)
Wands
 j - a wand of iceblast (10)
Scrolls
 h - 5 scrolls of blinking
 t - 5 scrolls of fog
 F - 5 scrolls of fear
 M - a scroll of identify
Potions
 c - 9 potions of curing
 d - 12 potions of heal wounds
 e - 2 potions of haste
 f - 4 potions of magic
 g - 2 potions of berserk rage
 i - a potion of invisibility
 r - 6 potions of might


   Skills:
 O Level 27 Fighting
 - Level 22.4 Axes
 O Level 27 Armour
 + Level 21.6 Dodging
 - Level 25.0 Shields


You had 15 spell levels left.
You didn't know any spells.
Your spell library was empty.

Dungeon Overview and Level Annotations

Branches:
Dungeon (1/1)

Altars:
Cheibriados
Dithmenos
Elyvilon
Fedhas
Gozag
Hepliaklqana
Kikubaaqudgha
Makhleb
Nemelex Xobeh
Okawaru
Qazlal
Ru
Sif Muna
Trog
Uskayaw
Vehumet
Wu Jian
Xom
Yredelemnul
Zin
The Shining One
Beogh
Jiyva
Lugonu

Shops:
D [[=(

Annotations:
D Mennas


Innate Abilities, Weirdness & Mutations

You have a pair of horns on your head.
You reflexively headbutt those who attack you in melee.
Your body sometimes deteriorates upon taking damage.


Message History

You resist with some effort.
You're too confused to move!
Mennas completely misses you. Mennas hits you but does no damage. x3
Press: ? - help, v - describe, . - travel The floor.
This square is lit by a halo.
You feel less confused.
Mennas gestures frantically.
You are confused.
You bump into the unnaturally hard rock wall.
Mennas closely misses you. Mennas misses you.
Mennas hits you but does no damage.
Mennas hits you from afar with a +2 trishula of holy wrath!
* * * LOW HITPOINT WARNING * * *
You bump into the unnaturally hard rock wall.
Mennas misses you.
Mennas hits you from afar with a +2 trishula of holy wrath!
* * * LOW HITPOINT WARNING * * *
You bump into the unnaturally hard rock wall.
Mennas hits you but does no damage. Mennas misses you.
Mennas hits you from afar with a +2 trishula of holy wrath!!
* * * LOW HITPOINT WARNING * * *
Mennas completely misses you.
Mennas gestures frantically.
You are more confused.
You're too confused to move!
Mennas gestures frantically.
You easily resist.
You bump into the unnaturally hard rock wall.
Mennas hits you from afar with a +2 trishula of holy wrath.
* * * LOW HITPOINT WARNING * * *
Mennas hits you but does no damage. Mennas closely misses you.
Mennas hits you but does no damage.
You're too confused to move!
Mennas hits you but does no damage.
Mennas hits you from afar with a +2 trishula of holy wrath.
* * * LOW HITPOINT WARNING * * *
Mennas hits you from afar with a +2 trishula of holy wrath!
* * * LOW HITPOINT WARNING * * *
Mennas hits you from afar with a +2 trishula of holy wrath.
You die...

............................)...)
▓▓▓▓▓▓▓▓▓▓▓▓▓▓▓▓▓▓▓▓▓▓▓▓▓▓▓▓▓▓▓▓▓
..'..=......))))))...[[[[[[......
▓▓▓▓▓▓▓▓▓▓▓▓▓▓▓▓▓▓▓▓▓▓▓▓▓▓▓▓▓▓▓▓▓
....................)........))..
▓▓▓▓▓▓▓▓▓▓▓▓▓▓▓▓▓▓▓▓▓▓▓▓▓▓▓▓▓▓▓▓▓
)))).).))))))).)).))..)..')††..††
▓▓▓▓▓▓▓▓▓▓▓▓▓▓▓▓▓▓▓▓▓▓▓▓▓▓▓▓▓▓▓▓▓
.......@.A..............
▓▓▓▓▓▓▓▓▓▓▓▓▓▓▓▓▓▓▓▓▓▓▓▓


You could see Mennas.

Vanquished Creatures
  Sojobo (D)
  Margery (D)
  Frances (D)
  A tengu reaver (D)
  9 nagarajas (D)
  A vault warden (D)
  Ilsuiw (D)
  3 ghost moths (D)
  3 emperor scorpions (D)
  Louise (D)
  3 ironbound preservers (D)
  2 stone giants (D)
  Nessos (D)
  3 ettins (D)
  Snorg (D)
  5 merfolk impalers (D)
  2 merfolk javelineers (D)
  A yaktaur captain (D)
  2 fire dragons (D)
  A great orb of eyes (D)
  2 naga warriors (D)
  A salamander tyrant (D)
  An ironbound thunderhulk (D)
  A peacekeeper (D)
  8 hydras (D)
  An ogre mage (D)
  An ice dragon (D)
  Erica (D)
  A rakshasa (D)
  2 centaur warriors (D)
  2 merfolk avatars (D)
  2 death knights (D)
  A merfolk aquamancer (D)
  3 deep troll earth magi (D)
  An alligator (D)
  A hell knight (D)
  A naga sharpshooter (D)
  A shock serpent (D)
  Nergalle (D)
  An orc high priest (D)
  A salamander mystic (D)
  A skeletal warrior (D)
  A sea snake (D)
  A glowing orange brain (D)
  6 deep trolls (D)
  2 wizards (D)
  7 swamp dragons (D)
  An orc knight (D)
  A necromancer (D)
  An orc sorcerer (D)
  A deep elf pyromancer (D)
  2 wolf spiders (D)
  2 orb spiders (D)
  2 ugly things (D)
  A will-o-the-wisp (D)
  A cyclops (D)
  An elephant (D)
  2 moths of wrath (D)
  2 guardian serpents (D)
  3 black mambas (D)
  A naga mage (D)
  2 water nymphs (D)
  A gargoyle (D)
  Psyche (D)
  2 cane toads (D)
  2 demonic crawlers (D)
  A wind drake (D)
  3 trolls (D)
  A merfolk (D)
  2 jumping spiders (D)
  A hornet (D)
  2 slime creatures (D)
  A tarantella (D)
  A water elemental (D)
  A wyvern (D)
  A yak (D)
  Eustachio (D)
  Grum (D)
  A naga (D)
  3 wargs (D)
  2 hell hounds (D)
  6 water moccasins (D)
  A swamp drake (D)
  An ice beast (D)
  11 orc warriors (D)
  A centaur (D)
  6 wolves (D)
  3 bullfrogs (D)
  A killer bee (D)
  2 orc priests (D)
  An orc wizard (D)
  2 adders (D)
  7 orcs (D)
  A bat zombie (D)
  2 goblins (D)
  A ball python (D)
  A kobold (D)
  A quokka skeleton (D)
  A rat (D)
195 creatures vanquished.

Vanquished Creatures (collateral kills)
  Saint Roka (D)
  A fire giant (D)
  2 emperor scorpions (D)
  A stone giant (D)
  2 ettins (D)
  A yaktaur captain (D)
  A shambling mangrove (D)
  A hydra (D)
  An ironbound frostheart (D)
  3 centaur warriors (D)
  A spriggan berserker (D)
  5 hell knights (D)
  An orc high priest (D)
  A spriggan druid (D)
  2 deep trolls (D)
  A wizard (D)
  A swamp dragon (D)
  A vault sentinel (D)
  A tengu conjurer (D)
  2 trolls (D)
  3 hornets (D)
  A basilisk (D)
  3 orc warriors (D)
  An orc wizard (D)
  3 orcs (D)
  A bat zombie (D)
42 creatures vanquished.

Vanquished Creatures (others)
  3 foxfires (D)
3 creatures vanquished.

Grand Total: 240 creatures vanquished

Notes
Turn   | Place    | Note
-------+----------+-------------------------------------------
     0 | D        | greenreed the Minotaur Berserker began the quest for the
                  | Orb.
     0 | D        | Reached XP level 1. HP: 19/19 MP: 0/0
    12 | D        | Reached ** piety under Trog
   202 | D        | Noticed an ice beast
   207 | D        | Killed an ice beast
   208 | D        | Reached XP level 2. HP: 34/34 MP: 1/1
   208 | D        | Reached XP level 3. HP: 39/39 MP: 2/2
   208 | D        | Reached XP level 4. HP: 47/47 MP: 3/3
   208 | D        | Reached *** piety under Trog
   265 | D        | Found a snail-covered altar of Cheibriados.
   265 | D        | Found a shadowy altar of Dithmenos.
   265 | D        | Found a white marble altar of Elyvilon.
   265 | D        | Found a blossoming altar of Fedhas.
   265 | D        | Found an opulent altar of Gozag.
   266 | D        | Found a hazy altar of Hepliaklqana.
   267 | D        | Found a viscous altar of Jiyva.
   268 | D        | Found an ancient bone altar of Kikubaaqudgha.
   269 | D        | Found a corrupted altar of Lugonu.
   270 | D        | Found a burning altar of Makhleb.
   271 | D        | Found a sparkling altar of Nemelex Xobeh.
   272 | D        | Found an iron altar of Okawaru.
   273 | D        | Found a stormy altar of Qazlal.
   274 | D        | Found a sacrificial altar of Ru.
   275 | D        | Found a shimmering blue altar of Sif Muna.
   276 | D        | Found a bloodstained altar of Trog.
   277 | D        | Found a hide-covered altar of Uskayaw.
   278 | D        | Found a radiant altar of Vehumet.
   279 | D        | Found an ornate altar of the Wu Jian Council.
   280 | D        | Found a shimmering altar of Xom.
   281 | D        | Found a basalt altar of Yredelemnul.
   282 | D        | Found a glowing silver altar of Zin.
   283 | D        | Found a glowing golden altar of the Shining One.
   336 | D        | Noticed an orc warrior
   336 | D        | Noticed an orc warrior
   336 | D        | Noticed a troll
   336 | D        | Noticed an orc warrior
   341 | D        | Killed an orc warrior
   341 | D        | Reached **** piety under Trog
   342 | D        | Reached XP level 5. HP: 57/57 MP: 4/4
   350 | D        | Killed an orc warrior
   351 | D        | Reached skill level 10 in Fighting
   351 | D        | Reached skill level 10 in Axes
   351 | D        | Reached skill level 5 in Dodging
   351 | D        | Reached XP level 6. HP: 63/66 MP: 5/5
   358 | D        | Killed a troll
   359 | D        | Reached skill level 5 in Armour
   359 | D        | Reached XP level 7. HP: 47/74 MP: 6/6
   633 | D        | Noticed a gargoyle
   633 | D        | Noticed a skeletal warrior
   633 | D        | Noticed a deep elf pyromancer
   633 | D        | Noticed a slime creature
   633 | D        | Noticed a cyclops
   633 | D        | Noticed a five-headed hydra
   636 | D        | Noticed a fire elemental
   638 | D        | Killed a gargoyle
   642 | D        | Killed a deep elf pyromancer
   643 | D        | Reached XP level 8. HP: 85/85 MP: 7/7
   645 | D        | Killed a skeletal warrior
   645 | D        | Reached ***** piety under Trog
   646 | D        | Reached skill level 15 in Axes
   704 | D        | Killed a slime creature
   708 | D        | Killed a cyclops
   709 | D        | Reached XP level 9. HP: 95/95 MP: 8/8
   713 | D        | Killed a nine-headed hydra
  1000 | D        | Noticed a komodo dragon
  1000 | D        | Noticed a six-headed hydra
  1002 | D        | Noticed a cane toad
  1004 | D        | Reached skill level 10 in Armour
  1004 | D        | Noticed a cane toad
  1015 | D        | Noticed a black mamba
  1017 | D        | Killed a ten-headed hydra
  1018 | D        | Reached skill level 15 in Fighting
  1018 | D        | Reached XP level 10. HP: 105/105 MP: 9/9
  1018 | D        | Killed a cane toad
  1022 | D        | Killed a cane toad
  1022 | D        | Received a gift from Trog
  1025 | D        | Killed a black mamba
  1085 | D        | Noticed an elephant
  1091 | D        | Received a gift from Trog
  1259 | D        | Killed an elephant
  1360 | D        | Reached ****** piety under Trog
  1374 | D        | Received a gift from Trog
  1566 | D        | Noticed an orc high priest
  1570 | D        | Noticed an ettin
  1578 | D        | Identified the +13 battleaxe of the Sun {vorpal, rC+} (Trog
                  | gifted it to you in the Dungeon)
  1578 | D        | Received a gift from Trog
  1624 | D        | Noticed an orange demon
  1708 | D        | Killed an orc high priest
  1709 | D        | Reached XP level 11. HP: 76/117 MP: 10/10
  1744 | D        | Killed an ettin
  2275 | D        | Noticed an orc sorcerer
  2277 | D        | Noticed an orc knight
  2280 | D        | Noticed a sixfirhy
  2281 | D        | Killed an orc sorcerer
  2281 | D        | Received a gift from Trog
  2291 | D        | Noticed an orc high priest
  2293 | D        | Killed an orc knight
  2297 | D        | Noticed a sun demon
  2334 | D        | Received a gift from Trog
  2341 | D        | Killed an orc high priest
  2342 | D        | Reached skill level 15 in Armour
  2654 | D        | Found Etaut's Antique Armour Emporium.
  2654 | D        | Noticed a deep troll
  2654 | D        | Noticed a deep troll
  2654 | D        | Noticed a deep troll
  2659 | D        | Killed a deep troll
  2665 | D        | Received a gift from Trog
  2665 | D        | Noticed a deep troll
  2685 | D        | Killed a deep troll
  2694 | D        | Killed a deep troll
  2696 | D        | Killed a deep troll
  2974 | D        | Found Xienuono's Armour Shoppe.
  2978 | D        | Found Upeegite's Jewellery Emporium.
  2981 | D        | Found Byner's Antique Weapon Shoppe.
  2981 | D        | Noticed a deep troll
  2982 | D        | Noticed an ogre mage
  2982 | D        | Noticed a deep troll
  2983 | D        | Noticed a deep troll
  2986 | D        | Noticed a deep troll
  2996 | D        | Killed a deep troll
  2999 | D        | Killed an ogre mage
  2999 | D        | Received a gift from Trog
  3002 | D        | Killed a deep troll
  3012 | D        | Killed a deep troll
  3014 | D        | Killed a deep troll
  3058 | D        | Bought the +3 pair of seven-league boots {Rampage+∞} for
                  | 520 gold pieces
  3058 | D        | Found the +3 pair of seven-league boots {Rampage+∞}
  3058 | D        | Bought the +0 plate armour of Limitation {Fly rPois Will-
                  | Str+10} for 690 gold pieces
  3058 | D        | Bought the +1 pair of gloves of a Gauntlet {rN+ Will+
                  | Regen+ Dex-4} for 232 gold pieces
  3117 | D        | Noticed Grum
  3122 | D        | Reached XP level 12. HP: 128/130 MP: 11/11
  3123 | D        | Killed Grum
  3144 | D        | Noticed Erica
  3146 | D        | Noticed Psyche
  3149 | D        | Killed Erica
  3153 | D        | Killed Psyche
  3291 | D        | Noticed a four-headed hydra
  3291 | D        | Noticed a death knight
  3291 | D        | Noticed a death knight
  3291 | D        | Noticed a centaur warrior
  3300 | D        | Killed a ten-headed hydra
  3308 | D        | Killed a death knight
  3309 | D        | Noticed an eight-headed hydra
  3309 | D        | Noticed a centaur warrior
  3311 | D        | Noticed a deep troll earth mage
  3316 | D        | Killed a death knight
  3348 | D        | Killed a centaur warrior
  3440 | D        | Noticed a stone giant
  3447 | D        | Killed a centaur warrior
  3447 | D        | Received a gift from Trog
  3451 | D        | Killed a 12-headed hydra
  3453 | D        | Killed a deep troll earth mage
  3455 | D        | Banished a stone giant
  3526 | D        | Noticed an ice dragon
  3527 | D        | Noticed a stone giant
  3530 | D        | Killed an ice dragon
  3531 | D        | Reached skill level 1 in Shields
  3531 | D        | Noticed a deep troll earth mage
  3531 | D        | Noticed a deep troll earth mage
  3541 | D        | Killed a deep troll earth mage
  3541 | D        | Received a gift from Trog
  3544 | D        | Killed a stone giant
  3547 | D        | Killed a deep troll earth mage
  3656 | D        | Noticed Snorg
  3660 | D        | Killed Snorg
  3661 | D        | Reached skill level 5 in Shields
  3735 | D        | Noticed a salamander tyrant
  3735 | D        | Noticed a nagaraja
  3740 | D        | Received a gift from Trog
  3741 | D        | Noticed a naga warrior
  3742 | D        | Killed a salamander tyrant
  3743 | D        | Reached XP level 13. HP: 143/143 MP: 12/12
  3750 | D        | Killed a nagaraja
  3755 | D        | Received a gift from Trog
  3756 | D        | Reached skill level 10 in Dodging
  3848 | D        | Identified the +12 hand axe of Intimidation {vorpal, rPois
                  | rN+} (Trog gifted it to you in the Dungeon)
  3848 | D        | Received a gift from Trog
  3857 | D        | Identified the +8 war axe "Coxaz" {vorpal, +Blink Will-
                  | Str+4 Stlth+} (Trog gifted it to you in the Dungeon)
  3857 | D        | Received a gift from Trog
  3922 | D        | Noticed an emperor scorpion
  3930 | D        | Received a gift from Trog
  3946 | D        | Killed an emperor scorpion
  4023 | D        | Received a gift from Trog
  4024 | D        | Reached skill level 10 in Shields
  4051 | D        | Received a gift from Trog
  4127 | D        | Noticed Eustachio
  4131 | D        | Killed Eustachio
  4131 | D        | Identified the +2 lajatang "Onoasa" {flame, rPois rC+
                  | Str-4} (Trog gifted it to you in the Dungeon)
  4131 | D        | Received a gift from Trog
  4153 | D        | Noticed a spark wasp
  4157 | D        | Banished a spark wasp
  4247 | D        | Noticed Saint Roka
  4271 | D        | Killed Saint Roka
  4271 | D        | Received a gift from Trog
  4358 | D        | Noticed an ettin
  4358 | D        | Noticed an ettin
  4358 | D        | Noticed a stone giant
  4358 | D        | Noticed an iron dragon
  4363 | D        | Killed an ettin
  4364 | D        | Reached XP level 14. HP: 157/157 MP: 13/13
  4367 | D        | Killed a stone giant
  4377 | D        | Noticed a frost giant
  4379 | D        | Banished an iron dragon
  4389 | D        | Banished a frost giant
  4393 | D        | Noticed a stone giant
  4394 | D        | Noticed a fire giant
  4395 | D        | Received a gift from Trog
  4433 | D        | Killed a stone giant
  4435 | D        | Killed a fire giant
  4555 | D        | Noticed an ironbound preserver
  4555 | D        | Noticed an ironbound preserver
  4555 | D        | Noticed an ironbound preserver
  4560 | D        | Noticed an ironbound preserver
  4560 | D        | Received a gift from Trog
  4565 | D        | Killed an ironbound preserver
  4568 | D        | Banished an ironbound preserver
  4575 | D        | Killed an ironbound preserver
  4576 | D        | Noticed a vault warden
  4579 | D        | Reached skill level 15 in Shields
  4582 | D        | Killed an ironbound preserver
  4582 | D        | Received a gift from Trog
  4589 | D        | Killed a vault warden
  4595 | D        | Received a gift from Trog
  4659 | D        | Noticed a tengu reaver
  4660 | D        | Noticed Sojobo
  4660 | D        | Noticed a tengu reaver
  4666 | D        | Killed a tengu reaver
  4666 | D        | Received a gift from Trog
  4672 | D        | Banished a tengu reaver
  4679 | D        | Killed Sojobo
  4680 | D        | Reached XP level 15. HP: 173/173 MP: 14/14
  4888 | D        | Noticed Louise
  4889 | D        | Noticed Margery
  4905 | D        | Killed Louise
  4905 | D        | Received a gift from Trog
  4912 | D        | Killed Margery
  4913 | D        | Reached skill level 27 in Fighting
  4925 | D        | Received a gift from Trog
  4973 | D        | Noticed Nessos
  4978 | D        | Killed Nessos
  4978 | D        | Received a gift from Trog
  4988 | D        | Noticed Nergalle
  4991 | D        | Killed Nergalle
  5031 | D        | Noticed Ilsuiw
  5036 | D        | Reached skill level 27 in Armour
  5055 | D        | Killed Ilsuiw
  5055 | D        | Received a gift from Trog
  5074 | D        | Received a gift from Trog
  5095 | D        | Got a barnacled rune of Zot
  5124 | D        | Noticed a nagaraja
  5124 | D        | Noticed a nagaraja
  5124 | D        | Noticed a nagaraja
  5125 | D        | Noticed a nagaraja
  5129 | D        | Killed a nagaraja
  5130 | D        | Noticed a nagaraja
  5131 | D        | Noticed a nagaraja
  5131 | D        | Killed a nagaraja
  5131 | D        | Received a gift from Trog
  5135 | D        | Killed a nagaraja
  5139 | D        | Noticed a nagaraja
  5142 | D        | Killed a nagaraja
  5144 | D        | Received a gift from Trog
  5145 | D        | Noticed a nagaraja
  5152 | D        | Killed a nagaraja
  5154 | D        | Killed a nagaraja
  5157 | D        | Killed a nagaraja
  5157 | D        | Received a gift from Trog
  5161 | D        | Killed a nagaraja
  5178 | D        | Got a serpentine rune of Zot
  5281 | D        | Received a gift from Trog
  5287 | D        | Killed a ghost moth
  5288 | D        | Reached skill level 15 in Dodging
  5288 | D        | Reached XP level 16. HP: 183/183 MP: 0/15
  5321 | D        | Identified the +10 broad axe of Indomitability {vorpal, rC-
                  | Will++ rCorr Stlth+} (Trog gifted it to you in the Dungeon)
  5321 | D        | Received a gift from Trog
  5325 | D        | Got a gossamer rune of Zot
  5394 | D        | Received a gift from Trog
  5419 | D        | Got a decaying rune of Zot
  5486 | D        | Noticed Frances
  5494 | D        | Lost intelligence.
  5496 | D        | Gained mutation: Your body sometimes deteriorates upon
                  | taking damage. [a neqoxec]
  5506 | D        | Killed Frances
  5545 | D        | Noticed Mennas
  5575 | D        | HP: 3/183 [Mennas (16)]
  5575 | D        | Slain by Mennas

Illustrated notes

Levels and vault maps discovered:
D:        linesprint [early_d, line_temple, items_1, d_10, items_2, lair_1,
          lair_end, items_3, orc_1, orc_end, items_4, d_15, swamp_1, shoals_1,
          snake_1, spider_1, d_20, vaults_1, items_5, swamp_end, shoals_end,
          snake_end, spider_end, vaults_end, d_27, items_6, zot_1, zot_end,
          crypt_end, forest_end, elf_end, slime_end, tomb_end, abyss_end,
          pan_hell_end]

Skill      XL: |  1  2  3  4  5  6  7  8  9 10 11 12 13 14 15 16 |
---------------+-------------------------------------------------+-----
Fighting       | 7 9 10 11 12 14 15 17 19 21 23 26 27 | 27.0
Axes           | 7 9 10 12 14 16 17 19 20 21 22 | 22.4
Armour         | 3 4 5 7 9 10 13 17 21 23 26 27 | 27.0
Dodging        | 3 4 5 6 7 8 9 10 12 15 21 | 21.6
Shields        | 5 11 16 25 | 25.0

Action                   |  1- 3 |  4- 6 |  7- 9 | 10-12 | 13-15 | 16-18 || total
-------------------------+-------+-------+-------+-------+-------+-------++-------
Melee: Hand axe          |    14 |     5 |    13 |   223 |   392 |    92 ||   739
       War axe           |       |    16 |    28 |       |       |       ||    44
       Headbutt          |       |     4 |    18 |    59 |   120 |    35 ||   236
Invok: Berserk           |     2 |     1 |     3 |    14 |    13 |     1 ||    34
       Trog's Hand       |       |       |     3 |     4 |     7 |     1 ||    15
       Brothers in Arms  |       |       |     1 |     6 |    11 |     1 ||    19
  Use: Scroll            |       |       |       |     7 |     2 |       ||     9
Armor: Animal skin       |       |     1 |       |       |       |       ||     1
       Chain mail        |       |     3 |    17 |    16 |       |       ||    36
       Plate armour      |       |       |       |   103 |   101 |    38 ||   242
Dodge: Dodged            |     5 |    18 |    16 |   114 |   105 |    40 ||   298
Block: Tower shield      |       |       |       |       |   103 |    87 ||   190
